 Dungeon Crawl Stone Soup version 0.27.1-1-g398f81649c (webtiles) character file.

Game seed: 8301003456494233129

70 phibes the Stinger (level 4, 0/27 HPs)
             Began as an Octopode Venom Mage on Sept 13, 2021.
             Succumbed to an adder's poison
             ... on level 2 of the Dungeon.
             The game lasted 00:25:11 (1589 turns).

phibes the Stinger (Octopode Venom Mage)            Turns: 1589, Time: 00:25:11

Health: 0/27       AC:  1    Str:  7    XL:     4   Next: 22%
Magic:  3/7        EV: 13    Int: 17    God:
Gold:   89         SH:  0    Dex: 13    Spells: 7/8 levels left

rFire    + . .     SeeInvis .   (no weapon)
rCold    x . .     Faith    .   (no shield)
rNeg     . . .     Spirit   .   (helmet restricted)
rPois    .         Reflect  .   (no amulet)
rElec    .         Harm     .   e - ring of fire
rCorr    .         Rampage  .   (no ring)
Will     .....                  (no ring)
Stlth    +++.......             (no ring)
HPRegen  0.09/turn              (no ring)
MPRegen  0.10/turn              (no ring)
                                (no ring)
                                (no ring)

@: lethally poisoned (0 -> -3)
A: almost no armour, amphibious, 8 rings, camouflage 1, gelatinous body 1,
(nimble swimmer 1), tentacles
a: no special abilities


You were on level 2 of the Dungeon.
You visited 1 branch of the dungeon, and saw 2 of its levels.

You collected 89 gold pieces.

Inventory:

Jewellery
 e - a ring of fire (left tentacle)
Wands
 g - a wand of iceblast (10)
Scrolls
 c - 2 scrolls of identify {unknown}
 d - a scroll of teleportation {unknown}
Potions
 a - a potion of haste {unknown}
 b - a potion of ambrosia {unknown}
 f - a potion of flight {unknown}


   Skills:
 + Level 2.6 Dodging
 + Level 3.6 Stealth
 + Level 2.5 Spellcasting
 + Level 1.8 Transmutations
 + Level 4.2 Poison Magic


You had 7 spell levels left.
You knew the following spells:

 Your Spells              Type           Power      Damage    Failure   Level
a - Sting                 Tmut/Pois      48%        1d5       5%          1

Your spell library contained the following spells:

 Spells                   Type           Power      Damage    Failure   Level
 Poisonous Vapours        Pois/Air       18%        N/A       12%         2
 Mephitic Cloud           Conj/Pois/Air  6%         N/A       30%         3
 Olgreb's Toxic Radiance  Pois           16%        N/A       32%         4


Dungeon Overview and Level Annotations

Branches:
Dungeon (2/15)

Altars:


Innate Abilities, Weirdness & Mutations

You cannot wear most types of armour.
You are amphibious.
You can wear up to eight rings at the same time.
Your skin changes colour to match your surroundings (Stealth+).
Your rubbery body absorbs attacks. (AC +1, EV +1)
((You are camouflaged near water. (Stealth+)))
You have tentacles for arms and can constrict up to eight enemies at once.


Message History

You are poisoned.
The adder poisons you!
You closely miss the adder. Your grab misses the adder.
Your squeeze misses the adder.
The adder is heavily wounded.
You feel sick. The adder bites you.
You tentacle-slap the adder but do no damage.
You grab the adder. You squeeze the adder.
The adder is almost dead.
You constrict the adder.
You feel sick. The adder bites you.
You are more poisoned.
The adder poisons you! The adder bites you.
You are lethally poisoned!
The adder poisons you!
Casting: Sting (safe; 5% risk of failure)
Confirm with . or Enter, or press ? or * to list all spells.
Aiming: Sting (safe; 5% risk of failure)
Press: ? - help, Shift-Dir - straight line, f/p - adder
Aim: an adder (almost dead, constricted by you, very poisoned, 90% to hit)
The sting hits the adder.
The adder looks even sicker.
You kill the adder!
You feel very sick.
There is a lethal amount of poison in your body!
You feel very sick.
* * * LOW HITPOINT WARNING * * *
You feel sick.
* * * LOW HITPOINT WARNING * * *
You feel sick.
Unknown command.
* * * LOW HITPOINT WARNING * * *
You feel sick.
You see here a dart slug corpse.
There is a lethal amount of poison in your body!
There is a lethal amount of poison in your body!
There is a lethal amount of poison in your body!
* * * LOW HITPOINT WARNING * * *
You feel sick.
* * * LOW HITPOINT WARNING * * *
You feel sick.
You die...

#.#.##.#.#.##......# #.## #
.#.##.#.#.#.##.....# #.# #
#.##.#.###.#.##.>..### #.# #
.##.#.##.##.#.##.....#####.######
##.#.##.#.##.#.##................
#.#.##.#.#.##.#.#####..###.####..
.#.##.#...#.##.#.## ##.###.# ###
#.##(.|.##.#.##.#.# #...#.# ##..
.#...#.##.#.##.#@## ###...###...
#.#.#.##.#.##.#.## #..###..#.
##.#.##.#.##.#.###### ##...#..##.
.##.##.#.##.#†##....###....#..###
#.###.#.##.#.##............#..###
.#.#.#.##.#.#####..####.#..#..###
#.#.#.##.#.## #.......#.....###
##.#.## #.##### ##.##........###.
##.## #.##...# #.##.##....###..


There were no monsters in sight!

Vanquished Creatures
  3 adders (D:2)
  A worm (D:2)
  A dart slug (D:2)
  6 bats
  6 endoplasms
  A giant cockroach (D:1)
  2 goblins (D:2)
  3 hobgoblins
  6 jackals
  2 ball pythons (D:1)
  4 frilled lizards
  2 rats (D:1)
37 creatures vanquished.

Notes
Turn   | Place    | Note
-------+----------+-------------------------------------------
     0 | D:1      | phibes the Octopode Venom Mage began the quest for the Orb.
     0 | D:1      | Reached XP level 1. HP: 11/11 MP: 3/3
   319 | D:1      | Reached XP level 2. HP: 13/17 MP: 0/5
   843 | D:2      | Reached XP level 3. HP: 21/21 MP: 3/6
   925 | D:2      | Reached skill level 4 in Poison Magic
  1366 | D:2      | Reached XP level 4. HP: 10/27 MP: 2/7
  1588 | D:2      | HP: 1/27 [poisoned by an adder]
  1589 | D:2      | Succumbed to an adder's poison

Illustrated notes

Levels and vault maps discovered:
D:1:      giann_forest_graveyard, layout_basic
D:2:      minmay_inner_zag, layout_rooms, basic_altar, corner_web_ring,
          hangedman_glass_teeth

Skill      XL: |  1  2  3 |
---------------+----------+-----
Stealth        | 3 |  3.6
Poison Magic   | 4 |  4.2
Dodging        | |  2.6
Spellcasting   | |  2.5
Transmutations | |  1.8

Action                   |  1- 3 |  4- 6 || total
-------------------------+-------+-------++-------
Melee: Unarmed           |    13 |     3 ||    16
       Constrict         |     5 |     1 ||     6
       Tentacles         |     3 |     2 ||     5
 Cast: Sting             |    55 |     8 ||    63
Armor: Skin              |     7 |       ||     7
Dodge: Dodged            |    24 |     1 ||    25
